 Dungeon Crawl Stone Soup version 0.23.2-33-g5129a83184 (webtiles) character file.

Game seed: 15509751354624634898

122 microfolk the Gusty (level 5, -19/30 HPs)
             Began as a Tengu Air Elementalist on July 15, 2019.
             Demolished by an ogre
             ... wielding a cursed -2 giant spiked club
              (28 damage)
             ... on level 4 of the Dungeon.
             The game lasted 00:12:24 (4800 turns).

microfolk the Gusty (Tengu Air Elementalist)        Turns: 4800, Time: 00:12:24

Health: -19/30     AC:  3    Str:  9    XL:     5   Next: 6%
Magic:  6/9        EV: 12    Int: 16    God:
Gold:   191        SH:  0    Dex: 14    Spells: 5/8 levels left

rFire    . . .     SeeInvis .   a - +0 dagger
rCold    . . .     Gourm    .   (no shield)
rNeg     . . .     Faith    .   u - +0 leather armour
rPois    .         Spirit   .   (helmet restricted)
rElec    .         Reflect  .   (no cloak)
rCorr    .         Harm     .   (no gloves)
MR       .....                  (boots unavailable)
Stlth    ++........             (no amulet)
HPRegen  0.10/turn              (no ring)
MPRegen  0.11/turn              (no ring)

@: swift, quick
A: beak, talons 3, able to fly
a: Fly


You were on level 4 of the Dungeon.
You were hungry.

You visited 1 branch of the dungeon, and saw 4 of its levels.

You collected 191 gold pieces.

Inventory:

Hand Weapons
 a - a +0 dagger (weapon)
 q - a +0 hunting sling
Missiles
 d - 131 stones (quivered)
Armour
 u - a +0 leather armour (worn)
Jewellery
 p - an uncursed amulet of guardian spirit {unknown}
Scrolls
 f - a scroll of teleportation
 g - a scroll of immolation
 i - a scroll of fear {unknown}
 k - a scroll of enchant weapon {unknown}
 r - 2 scrolls of remove curse {unknown}
 s - a scroll of fog {unknown}
Potions
 b - 2 potions of might
 e - a potion of invisibility
 h - a potion of berserk rage {unknown}
 j - a potion of haste {unknown}
 l - a potion of flight
 m - a potion of agility
 n - a potion of heal wounds {unknown}
 t - a potion of curing {unknown}
Comestibles
 c - 5 rations
 o - 6 chunks of flesh


   Skills:
 + Level 1.9 Fighting
 + Level 3.1 Dodging
 - Level 2.0 Stealth
 - Level 2.0 Spellcasting
 * Level 3.7 Conjurations
 - Level 5.0 Air Magic


You had 5 spell levels left.
You knew the following spells:

 Your Spells              Type           Power        Failure   Level  Hunger
a - Shock                 Conj/Air       ###.         4%          1    #......
b - Swiftness             Chrm/Air       #.......     16%         2    ###....

Your spell library contained the following spells:

 Spells                   Type           Power        Failure   Level  Hunger
 Static Discharge         Conj/Air       ###.....     14%         3    ###....
 Airstrike                Air            ###.......   36%         4    #####..
 Lightning Bolt           Conj/Air       ###.......   80%         5    ######.


Dungeon Overview and Level Annotations

Branches:
Dungeon (4/15)
 Temple: D:4-7

Altars:
Vehumet

Annotations:
D:2 1 runed translucent door, exclusions: 2 doors and ogre, Crazy Yiuf
D:3 exclusion: 2 downstairs


Innate Abilities, Weirdness & Mutations

You have a beak for a mouth.
You have claws for feet.
You can fly continuously.


Message History

The ogre is heavily wounded.
The phantom hits you.
* * * LOW HITPOINT WARNING * * *
The phantom blinks!
Things that are here:
a +0 club; a +0 leather armour; an orc skeleton The phantom blinks!
Things that are here:
a +0 trident; a +0 leather armour
Things that are here:
a +0 falchion; an orc skeleton
There is an open door here.
You are feeling hungry.
You hear the brisk hiss of a distant avalanche of sand.
Casting: Shock (safe; 4% risk of failure)
Confirm with . or Enter, or press ? or * to list all spells.
You feel quick.
The ogre hits you with a cursed -2 giant spiked club!!
Ouch! That really hurt!
You die...

******,*#######****,*
***,,,...$.#,,,,,*
*,,,,,,..#.#,*****
*,###**#.#.#,* *,#<#
#.#.#+#######* *,#.#
#............* *,#.#
#............*
****,#.####............*
*,,,,#...@O.#+#.#######*
*,,,,########.#.# ##
*,,,,+,,......#.### #^
*,,,,*****#.......# #.
*,<,,* #.......#######.
*,,,,* #.......#.......
*,,,,* #.......#.......
*,,,,* #.......#.......
****** #####'###.......


You could see an ogre.

Vanquished Creatures
  2 adders
  2 worms
  4 dart slugs
  3 leopard geckos
  7 orcs
  5 bats
  5 giant cockroaches
  8 goblins
  5 hobgoblins
  7 jackals
  A quokka (D:2)
  2 ball pythons
  2 frilled lizards (D:1)
  8 kobolds
  15 rats
76 creatures vanquished.

Notes
Turn   | Place    | Note
-------+----------+-------------------------------------------
     0 | D:1      | microfolk the Tengu Air Elementalist began the quest for
                  | the Orb.
     0 | D:1      | Reached XP level 1. HP: 10/10 MP: 4/4
   435 | D:1      | Reached XP level 2. HP: 16/16 MP: 4/6
   519 | D:1      | Learned a level 2 spell: Swiftness
   941 | D:1      | Reached XP level 3. HP: 20/20 MP: 5/7
  1144 | D:1      | Reached skill level 1 in Fighting
  1749 | D:2      | Reached skill level 5 in Air Magic
  1896 | D:2      | Found a runed translucent door.
  1897 | D:2      | Noticed Crazy Yiuf
  2138 | D:2      | Noticed an ogre
  2745 | D:2      | Reached XP level 4. HP: 25/25 MP: 3/8
  3175 | D:2      | Found a radiant altar of Vehumet.
  4537 | D:4      | Gained mutation: You can fly continuously. [Tengu growth]
  4537 | D:4      | Reached XP level 5. HP: 24/30 MP: 6/9
  4573 | D:4      | Noticed an ogre
  4750 | D:4      | Noticed a phantom
  4752 | D:4      | Noticed an ogre
  4800 | D:4      | Demolished by an ogre

Skill      XL: |  1  2  3  4 |
---------------+-------------+-----
Conjurations   | 2 3 |  3.7
Fighting       | 1 |  1.9
Air Magic      | 5 |  5.0
Dodging        | 3 |  3.1
Stealth        | |  2.0
Spellcasting   | |  2.0

Action                   |  1- 3 |  4- 6 || total
-------------------------+-------+-------++-------
Melee: Dagger            |       |     1 ||     1
       Peck              |       |     1 ||     1
Throw: Stone             |     1 |       ||     1
 Cast: Shock             |    90 |    80 ||   170
       Swiftness         |     1 |     1 ||     2
  Use: Scroll            |     5 |     3 ||     8
  Eat: Chunk             |     7 |     4 ||    11
       Ration            |       |     1 ||     1
Armor: Robe              |    12 |       ||    12
       Leather armour    |       |     1 ||     1
Dodge: Dodged            |    20 |     7 ||    27
